 Dungeon Crawl Stone Soup version 0.20.0-15-g7f486f2 (console) character file.

23 removed the Ducker (level 2, -1/13 HPs)
             Began as a Spriggan Necromancer on June 10, 2017.
             Slain by a goblin (2 damage)
             ... on level 2 of the Dungeon.
             The game lasted 00:01:15 (1268 turns).

removed the Ducker (Spriggan Necromancer)           Turns: 1268, Time: 00:01:16

Health: -1/13      AC:  2    Str:  4    XL:     2   Next: 75%
Magic:  10/15      EV: 20    Int: 16    God:
Gold:   36         SH:  0    Dex: 16    Spells: 5/6 levels left

rFire    . . .     SeeInvis +   (weapon restricted)
rCold    . . .     Gourm    .   (shield restricted)
rNeg     . . .     Faith    .   a - +0 robe
rPois    .         Spirit   .   (helmet restricted)
rElec    .         Reflect  .   (no cloak)
rCorr    .         Harm     .   (gloves unavailable)
MR       .....                  (boots unavailable)
Stlth    ++........             (no amulet)
Regen    0.1/turn               g - ring of magical power
MPRegen  0.2/turn               (no ring)

@: very slightly contaminated, very quick
A: unfitting armour, see invisible, herbivore 3, speed 3, slow metabolism 2
a: no special abilities


You were on level 2 of the Dungeon.
You were not hungry.

You visited 1 branch of the dungeon, and saw 2 of its levels.

You collected 36 gold pieces.

Inventory:

Armour
 a - a +0 robe (worn)
Jewellery
 g - a ring of magical power (left hand)
Scrolls
 d - a scroll of identify {unknown}
 e - 3 scrolls of enchant weapon {unknown}
 h - a scroll of magic mapping {unknown}
 j - a scroll of amnesia {unknown}
 k - a scroll of teleportation {unknown}
Potions
 f - 2 potions of haste {unknown}
 l - a potion of curing {unknown}
Books
 b - a book of Necromancy

   Spells                             Type                      Level
   a - Pain                           Necromancy                   1
   b - Animate Skeleton               Necromancy                   1
   c - Vampiric Draining              Necromancy                   3
   d - Regeneration                   Charms/Necromancy            3
   e - Animate Dead                   Necromancy                   4
   f - Control Undead                 Necromancy                   4
Comestibles
 c - a bread ration
 i - a fruit


   Skills:
 + Level 4.9 Dodging
 - Level 3.0 Stealth
 - Level 2.6 Spellcasting
 - Level 3.6 Necromancy


You had 5 spell levels left.
You knew the following spells:

 Your Spells              Type           Power        Failure   Level  Hunger
a - Pain                  Necr           ##..         4%          1    #......


Dungeon Overview and Level Annotations

Branches:
Dungeon (2/15)

Altars:


Innate Abilities, Weirdness & Mutations

You are very small and have problems with some larger weapons.
You are too small for most types of armour.
You have supernaturally acute eyesight. (SInv)
You are a herbivore.
You cover ground extremely quickly.
You need consume almost no food.


Message History

You are very lightly contaminated with residual magic.
Nothing appears to happen.
Casting: Pain
Confirm with . or Enter, or press ? or * to list all spells.
Aiming: Pain
Press: ? - help, Shift-Dir - straight line, f/p - adder
Aim: an adder (chance to defeat MR: 77%)
The adder writhes in agony!
The adder misses you.
Unknown command.
Unknown command.
Casting: Pain
Confirm with . or Enter, or press ? or * to list all spells.
Aiming: Pain
Press: ? - help, Shift-Dir - straight line, f/p - adder
Aim: an adder (lightly wounded, chance to defeat MR: 77%)
The adder writhes in agony!
The adder barely misses you.
Unknown command.
Unknown command.
The adder closely misses you. The goblin hits you.
You die...

#?.........#
#..........#
#..........
..........#
##.....g..##
#(.........#
#.......g..#
#.....w.S@.#
#..........#
#..........#
##........##
##.%....##
###.#### #.
#.


You could see an adder, a dart slug, a hobgoblin and a goblin.

Vanquished Creatures
  2 dart slugs (D:1)
  A leopard gecko (D:1)
  A giant cockroach (D:1)
  3 goblins (D:1)
  3 hobgoblins (D:1)
  2 kobolds (D:1)
  2 bats (D:1)
  2 frilled lizards (D:1)
  A rat (D:1)
17 creatures vanquished.

Notes
Turn   | Place    | Note
-------+----------+-------------------------------------------
     0 | D:1      | removed the Spriggan Necromancer began the quest for the Orb.
     0 | D:1      | Reached XP level 1. HP: 9/9 MP: 5/5
   561 | D:1      | Reached skill level 4 in Dodging
   562 | D:1      | Reached XP level 2. HP: 10/13 MP: 4/6
  1268 | D:2      | Slain by a goblin

Skill      XL: |  1 |
---------------+----+-----
Dodging        | 4 |  4.9
Stealth        | |  3.0
Spellcasting   | |  2.6
Necromancy     | |  3.6

Action                   || total
-------------------------++-------
Melee: Unarmed           ||     1
 Cast: Pain              ||    45
Armor: Robe              ||     1
Dodge: Dodged            ||     9
